 Dungeon Crawl Stone Soup version 0.25.0-26-g0c896c7088 (webtiles) character file.

Game seed: 1703412919140564289

1596 Dirian the Cleaver (level 8, -3/68 HPs)
             Began as a Minotaur Fighter on July 1, 2020.
             Was a Believer of Makhleb.
             Slain by an orc wizard
             ... wielding a +0 great sword
              (10 damage)
             ... in the Ecumenical Temple.
             The game lasted 00:08:40 (6839 turns).

Dirian the Cleaver (Minotaur Fighter)               Turns: 6839, Time: 00:08:40

Health: -3/68      AC: 13    Str: 23    XL:     8   Next: 62%
Magic:  7/7        EV:  8    Int:  5    God:    Makhleb [**....]
Gold:   97         SH: 10    Dex: 10    Spells: 7/7 levels left

rFire    . . .     SeeInvis .   a - +0 war axe
rCold    + . .     Gourm    .   c - +0 kite shield
rNeg     . . .     Faith    .   v - +2 scale mail {rC+}
rPois    .         Spirit   .   (helmet restricted)
rElec    .         Reflect  .   u - +1 cloak
rCorr    .         Harm     .   f - +0 pair of gloves
MR       .....                  (no boots)
Stlth    ..........             (no amulet)
HPRegen  0.21/turn              (no ring)
MPRegen  0.10/turn              (no ring)

@: no status effects
A: retaliatory headbutt, horns 2
a: Minor Destruction, Renounce Religion


You were in the Ecumenical Temple.
You worshipped Makhleb.
Makhleb was pleased with you.
You were not hungry.

You visited 2 branches of the dungeon, and saw 7 of its levels.

You collected 253 gold pieces.
You spent 156 gold pieces at shops.

Inventory:

Hand Weapons
 a - a +0 war axe (weapon)
Armour
 c - a +0 kite shield (worn)
 f - a +0 pair of gloves (worn)
 u - a +1 cloak (worn)
 v - a +2 scale mail of cold resistance (worn)
Wands
 g - a wand of enslavement (6)
 p - a wand of paralysis (8)
Scrolls
 d - a scroll of enchant weapon {unknown}
 k - a scroll of summoning
 l - a scroll of fear
 o - 2 scrolls of magic mapping
 r - a scroll of identify
 t - 2 scrolls of teleportation
 x - a scroll of remove curse
Potions
 h - 2 potions of haste
 i - a potion of magic
 j - a potion of lignification
 n - a potion of resistance {unknown}
 w - 2 potions of heal wounds
Comestibles
 e - 11 rations


   Skills:
 + Level 5.3 Fighting
 * Level 10.6 Axes
 + Level 6.2 Armour
 + Level 5.4 Shields
 * Level 1.1 Invocations


You had 7 spell levels left.
You didn't know any spells.
Your spell library was empty.

Dungeon Overview and Level Annotations

Branches:
Dungeon (6/15)             Temple (1/1) D:6

Altars:
Dithmenos
Makhleb
Sif Muna
Uskayaw
Yredelemnul

Shops:
D:6 *


Innate Abilities, Weirdness & Mutations

You reflexively headbutt those who attack you in melee.
You have a pair of horns on your head.


Message History

Makhleb accepts your kill.
You closely miss something. You block something's attack.
You miss something.
You feel yourself speed up.
You hear some strange, mumbled words.
You are confused.
Something hits you but does no damage.
You miss something. Something hits you!
* * * LOW HITPOINT WARNING * * *
You miss something.
An orc wizard appears from thin air!
Reactivating autopickup.
The orc wizard barely misses you.
You barely miss the orc wizard. Your headbutt misses the orc wizard.
The orc wizard is severely wounded.
The orc wizard casts a spell.
The orc wizard flickers and vanishes!
Deactivating autopickup; reactivate with Ctrl-A.
You feel less confused. Something hits you!
You die...

####. ##.....
#######......#
#........._...
#......#......
#...<{......#
#...)@..#####
#.......#
#########


There were no monsters in sight!

Vanquished Creatures
  The ghost of Jaiteiro the Shield-Bearer, an amateur FoFi of Okawaru (D:4)
  Sigmund (D:5)
  2 ice beasts
  4 ogres
  A bullfrog zombie (D:5)
  3 crimson imps
  A hound (D:4)
  An orc priest (D:6)
  A bullfrog skeleton (D:6)
  7 orc wizards
  An iguana (D:6)
  Ijyb (D:4)
  A worker ant (D:5)
  A howler monkey skeleton (D:6)
  5 adders
  A shadow imp (D:6)
  2 oozes
  2 dart slugs
  5 worms (D:2)
  6 leopard geckos
  28 orcs
  7 giant cockroaches
  16 goblins
  6 hobgoblins
  6 jackals (D:4)
  8 kobolds
  2 quokkas
  2 ball pythons
  8 bats
  5 frilled lizards
  A jackal skeleton (D:5)
  A quokka skeleton (D:4)
  A quokka zombie (D:5)
  8 rats
146 creatures vanquished.

Vanquished Creatures (others)
  An orc (D:6)
1 creature vanquished.

Grand Total: 147 creatures vanquished

Notes
Turn   | Place    | Note
-------+----------+-------------------------------------------
     0 | D:1      | Dirian the Minotaur Fighter began the quest for the Orb.
     0 | D:1      | Reached XP level 1. HP: 19/19 MP: 0/0
    33 | D:1      | Reached XP level 2. HP: 27/27 MP: 1/1
   299 | D:1      | Reached skill level 3 in Axes
   721 | D:2      | Reached XP level 3. HP: 28/33 MP: 2/2
  1172 | D:2      | Reached skill level 4 in Axes
  1533 | D:2      | Reached XP level 4. HP: 40/40 MP: 3/3
  1738 | D:2      | Noticed an ogre
  1741 | D:2      | Killed an ogre
  1741 | D:2      | Reached skill level 5 in Axes
  1741 | D:2      | Reached XP level 5. HP: 17/46 MP: 4/4
  2226 | D:3      | Found a burning altar of Makhleb.
  2226 | D:3      | Found a shimmering blue altar of Sif Muna.
  2292 | D:3      | Became a worshipper of Makhleb the Destroyer
  2332 | D:3      | Found a shadowy altar of Dithmenos.
  3604 | D:4      | Reached skill level 6 in Axes
  3628 | D:4      | Found a runed translucent door.
  3634 | D:4      | Noticed Jaiteiro's ghost (amateur FoFi)
  3691 | D:4      | Noticed an ogre
  3699 | D:4      | Killed an ogre
  3699 | D:4      | Reached XP level 6. HP: 45/53 MP: 5/5
  3782 | D:4      | Reached * piety under Makhleb
  3782 | D:4      | Reached skill level 7 in Axes
  3838 | D:4      | Reached skill level 5 in Armour
  3841 | D:4      | Reached XP level 7. HP: 30/60 MP: 6/6
  4670 | D:4      | Noticed Ijyb
  4675 | D:4      | Paralysed by Ijyb for 3 turns
  4683 | D:4      | Killed Ijyb
  4725 | D:4      | Reached ** piety under Makhleb
  5154 | D:4      | Killed Jaiteiro's ghost
  5154 | D:4      | Reached skill level 8 in Axes
  5154 | D:4      | Reached skill level 5 in Shields
  5234 | D:5      | Entered Level 5 of the Dungeon
  5335 | D:5      | Noticed Sigmund
  5361 | D:5      | Killed Sigmund
  5361 | D:5      | Reached skill level 9 in Axes
  5704 | D:5      | Reached XP level 8. HP: 67/67 MP: 7/7
  5712 | D:5      | Reached skill level 5 in Fighting
  5762 | D:5      | Found a basalt altar of Yredelemnul.
  6361 | D:6      | Found Jeigg's Assorted Antiques.
  6376 | D:6      | Bought a potion of curing for 72 gold pieces
  6376 | D:6      | Bought a scroll of magic mapping for 84 gold pieces
  6564 | D:6      | Reached skill level 10 in Axes
  6649 | D:6      | Reached skill level 1 in Invocations
  6773 | D:6      | Found a staircase to the Ecumenical Temple.
  6822 | Temple   | Entered the Ecumenical Temple
  6839 | Temple   | Slain by an orc wizard

Illustrated notes

Levels and vault maps discovered:
D:1:      minmay_arrival_glassed_features, layout_loops_cross
D:2:      layout_loops_corners, first_ration, minmay_diced_spiral
D:3:      layout_basic, marbit_many_paths, gammafunk_temple_overflow_elements,
          corexii_corridor_pit
D:4:      kennysheep_goblin_castle, layout_basic, ebering_ghost_sewer_d
D:5:      layout_layer_cave, basic_altar, uniq_sigmund
D:6:      layout_rooms, nicolae_overflow_crystal_walls,
          minmay_temple_entry_large_hall, serial_shops, shop, minivault_11,
          minmay_misc_feat_five
Temple:   regret_index_temple_waves

Skill      XL: |  1  2  3  4  5  6  7  8 |
---------------+-------------------------+-----
Axes           | 3 4 5 6 7 9 10 | 10.6
Fighting       | 4 5 |  5.3
Shields        | 4 5 |  5.4
Armour         | 4 5 6 |  6.2
Invocations    | 1 |  1.1

Action                   |  1- 3 |  4- 6 |  7- 9 || total
-------------------------+-------+-------+-------++-------
Melee: War axe           |   112 |   114 |   171 ||   397
       Headbutt          |    13 |    19 |    33 ||    65
  Use: Scroll            |       |     7 |    10 ||    17
       Potion            |       |       |     3 ||     3
  Eat: Chunk             |     2 |     5 |     5 ||    12
       Ration            |       |     1 |     1 ||     2
Armor: Scale mail        |    44 |    49 |    87 ||   180
Dodge: Dodged            |    35 |    37 |    40 ||   112
Block: Kite shield       |    51 |    53 |    62 ||   166
